AoeStats
← 清華校草

Arabia

510524625Analyzed
1v1 RM · 20h ago on Oct 1, 2026· 22m 23s· 2 players
Game mode
Random Map
Map size
Tiny (2 player)
Population
200
Speed
Normal
Resources
Standard
Victory
Conquest
Starting age
Dark Age
Ending age
Imperial Age
RankedLock teamsTeams togetherTeam positionsShared explorationLock speedFull tech treeHidden civsTurbo modeCheats
Victory
Defeat
🇹🇼 Varangians · Taiwan
1216
+16
🇩🇪 Maya · Germany
1210
-16
Robbsen7
7:30 Loom
9:51 Feudal Age
10:02 Man-at-Arms
20:41 Castle Age
20:52 Pikeman
22:15 Scale Mail Armor
22:26 Forging
22:07 Fletching
清華校草
7:40 Loom
10:23 Feudal Age
14:16 Castle Age
14:03 Double-Bit Axe
Connection lost

Rejoining the realm…

Still unreachable

The connection could not be restored.

Session expired

The server has moved on; the page needs a fresh start.